 Dungeon Crawl Stone Soup version 0.14-a0-3376-gf173aa4 (webtiles) character file.

227 KaKa the Poker (level 5, -3/45 HPs)
             Began as a Hill Orc Fighter on Mar 20, 2014.
             Killed by divine providence
             ... invoked by an orc priest
              (11 damage)
             ... on Level 3 of the Dungeon.
             The game lasted 00:08:26 (1487 turns).

KaKa the Poker (Hill Orc Fighter)                   Turns: 1487, Time: 00:08:26

HP  -3/45        AC  9     Str 19      XL: 5   Next: 50%
MP   5/5         EV  6     Int  8      God:
Gold 58          SH 18     Dex 11      Spells:  0 memorised,  4 levels left

rFire  . . .     SeeInvis .     a - +0 trident
rCold  . . .     Clarity  .     b - +0 scale mail
rNeg   . . .     Conserve .     c - +0 shield
rPois  .         rCorr    .     (no helmet)
rElec  .         rRot     .     (no cloak)
SustAb . .       Spirit   .     f - +1 pair of gloves
rMut   .         Warding  .     (no boots)
Saprov + . .     Stasis   .     (no amulet)
MR     .....                    (no ring)
                                t - +3,+5 ring of slaying {unknown}

@: not resistant to hostile enchantments, extremely unstealthy
A: saprovore 1
a: Convert to Beogh


You were on level 3 of the Dungeon.
You were not hungry.

You visited 1 branch of the dungeon, and saw 3 of its levels.

You collected 58 gold pieces.

Inventory:

Hand weapons
 a - a +0,+0 trident (weapon)
Missiles
 j - 19 arrows
 o - 8 poisoned needles
Armour
 b - a +0 scale mail (worn)
 c - a +0 shield (worn)
 f - a +1 pair of gloves (worn)
Comestibles
 d - 2 meat rations
 k - a pear
 l - 8 sultanas
 n - 2 bread rations
 r - a rambutan
 v - a sausage
 z - an apple
Scrolls
 g - a scroll of remove curse
 h - a scroll of fog
 i - a scroll of recharging
 m - a scroll of noise {unknown}
 p - a scroll of blinking {unknown}
 q - a scroll of magic mapping {unknown}
 s - a scroll of teleportation
 w - 2 scrolls of identify {unknown}
 x - a scroll of amnesia {unknown}
 y - a scroll of fear {unknown}
 A - a scroll of enchant weapon II {unknown}
Jewellery
 t - a +3,+5 ring of slaying (left hand) {unknown}
Potions
 e - 2 potions of might
 u - a potion of heal wounds {unknown}
 B - a potion of curing {unknown}
 C - a potion of flight {unknown}


   Skills:
 - Level 3.6 Fighting
 * Level 6.0 Polearms
 - Level 3.2 Armour
 - Level 3.2 Shields


You had 4 spell levels left.
You didn't know any spells.

Dungeon Overview and Level Annotations

Branches:
Dungeon (3/15)

Altars:


Innate Abilities, Weirdness & Mutations

You can tolerate rotten meat.


Message History

The orc priest hits you with a short sword.
Your shield prevents you from hitting the orc priest.
The orc priest is heavily wounded.
The orc priest shouts, "Surrender to Beogh and we'll let you live!"
The orc priest hits you with a short sword.
A kobold comes into view. It is wielding a short sword.
The orc priest threatens, "By the altar or by the axe, you will meet Beogh!"
You hit the orc priest.
The orc priest is severely wounded.
The orc priest calls down the wrath of Beogh upon you.
Something smites you!
* * * LOW HITPOINT WARNING * * *
The kobold moves out of view.
Drink which item? (? for menu, Esc to quit)
Okay, then.
You hit the orc priest but do no damage.
The orc priest is severely wounded.
The orc priest invokes the aid of Beogh against you.
Something smites you!
You die...

#.# ##'########
#........(# #.........#
. #.....)...## ...
#..........# ....
.............# .....
.......##....###.......
.......##....)@or......
......##..)(###.......
..#####.### ..... . #.#
.... #.# ... #.. . #...
##.o. o...


You could see an orc priest and a rat.

Vanquished Creatures
  A worker ant (D:3)
  An orc wizard (D:3)
  A gnoll (D:1)
  4 adders
  A worm (D:2)
  3 giant geckos
  2 oozes
  3 orcs (D:3)
  6 bats
  5 giant cockroaches
  6 goblins
  7 hobgoblins
  A quokka (D:2)
  A ball python (D:3)
  3 giant newts
  11 kobolds
  7 rats
63 creatures vanquished.

Notes
Turn   | Place    | Note
--------------------------------------------------------------
     0 | D:1      | KaKa, the Hill Orc Fighter, began the quest for the Orb.
     0 | D:1      | Reached XP level 1. HP: 19/19 MP: 1/1
    71 | D:1      | Reached XP level 2. HP: 24/26 MP: 2/2
   430 | D:1      | Reached XP level 3. HP: 31/31 MP: 3/3
   453 | D:1      | Reached skill level 4 in Polearms
   759 | D:2      | Reached XP level 4. HP: 30/39 MP: 4/4
  1062 | D:2      | Reached skill level 5 in Polearms
  1345 | D:3      | Reached XP level 5. HP: 31/45 MP: 5/5
  1474 | D:3      | Reached skill level 6 in Polearms
  1487 | D:3      | Killed from afar by an orc priest

Action                   |  1- 3 |  4- 6 || total
-------------------------+-------+-------++-------
Melee: Trident           |    88 |    93 ||   181
  Use: Scroll            |     2 |     2 ||     4
       Potion            |       |     1 ||     1
